 Dungeon Crawl Stone Soup version 0.28-a0-1404-g4df0f3684d (webtiles) character file.

Game seed: 15988954799397580018

70 southernslant the Poker (level 4, 0/35 HPs)
             Began as a Merfolk Gladiator on Jan 6, 2022.
             Slain by a gnoll (13 damage)
             ... on level 2 of the Dungeon.
             The game lasted 00:06:02 (2153 turns).

southernslant the Poker (Merfolk Gladiator)         Turns: 2153, Time: 00:06:02

Health: 0/35       AC:  4    Str: 14    XL:     4   Next: 21%
Magic:  4/4        EV: 13    Int:  7    God:
Gold:   28         SH:  0    Dex: 17    Spells: 3/3 levels left

rFire   . . .      SeeInvis .   a - +0 trident
rCold   . . .      Faith    .   (no shield)
rNeg    . . .      Spirit   .   b - +0 leather armour
rPois   .          Reflect  .   c - +0 helmet
rElec   .          Harm     .   (no cloak)
rCorr   .          Rampage  .   (no gloves)
Will    .....                   (no boots)
Stlth   +.........              (no amulet)
HPRegen 0.11/turn               (no ring)
MPRegen 0.09/turn               (no ring)

@: no status effects
A: (nimble swimmer 2), mertail
a: no special abilities


You were on level 2 of the Dungeon.
You visited 1 branch of the dungeon, and saw 2 of its levels.

You collected 28 gold pieces.

Inventory:

Hand Weapons
 a - a +0 trident (weapon)
Missiles
 d - 3 throwing nets
 h - 92 stones
 i - 4 boomerangs
 l - 2 atropa-tipped darts
 n - 11 poisoned darts (quivered)
Armour
 b - a +0 leather armour (worn)
 c - a +0 helmet (worn)
Magical Staves
 j - a staff of poison
Scrolls
 k - a scroll of teleportation {unknown}
 m - 4 scrolls of identify {unknown}
Potions
 e - 2 potions of haste {unknown}
 f - 2 potions of lignification {unknown}
 g - a potion of curing {unknown}


   Skills:
 * Level 3.1 Fighting
 + Level 4.8 Polearms
 + Level 2.5 Throwing
 * Level 1.3 Armour
 + Level 4.3 Dodging


You had 3 spell levels left.
You didn't know any spells.
Your spell library was empty.

Dungeon Overview and Level Annotations

Branches:
Dungeon (2/15)

Altars:

Shops:
D:1 *[*:


Innate Abilities, Weirdness & Mutations

((You are very nimble when in or above water. (Stealth+, EV+, Speed+++)))
Your lower body shifts to a powerful aquatic tail in water.


Message History

The gnoll is poisoned.
The gnoll closely misses you.
You hit the gnoll but do no damage.
The gnoll is lightly wounded.
The gnoll closely misses you.
You puncture the gnoll!
The gnoll is severely wounded.
The gnoll barely misses you.
You hit the gnoll but do no damage.
The gnoll is severely wounded.
The gnoll hits you with a +0 spear.
You hit the gnoll but do no damage.
The gnoll is severely wounded.
The gnoll hits you with a +0 spear.
You hit the gnoll.
You kill the gnoll!
You throw a poisoned dart. The poisoned dart hits the gnoll.
The gnoll is poisoned.
The gnoll barely misses you.
You hit the gnoll but do no damage.
The gnoll is lightly wounded.
The gnoll closely misses you.
You barely miss the gnoll.
The gnoll is lightly wounded.
The gnoll hits you with a +0 flail!
You barely miss the gnoll.
The gnoll is lightly wounded.
The gnoll hits you with a +0 flail!
You hit the gnoll.
The gnoll is heavily wounded.
The gnoll looks more healthy.
The gnoll closely misses you.
You hit the gnoll but do no damage.
The gnoll is heavily wounded.
The gnoll hits you with a +0 flail.
You are too injured to fight recklessly!
You barely miss the gnoll.
The gnoll is heavily wounded.
The gnoll misses you.
You hit the gnoll.
The gnoll is heavily wounded.
The gnoll hits you with a +0 flail!
You die...

.##..#########.#.###.#
..#..##........#.# #.#
..#..##.......##.###.#
..#..##......g.....#.##
..########.#.###.#.#..#
..# #.#.# #.#.##.# ..#
#g#.# #g#.##.#
..########g#.# #g#.##.#
...(gg.g...#.# #@#.##.#
############.#####.##.#
##..g.g......#.....##.#
.g..g#########.######.#
...#.# #...# #.# .###.#
#.### #.# .# #.# #.#
#.# .# #.# #.# #.# ..
#.# #.# #.#


You could see 2 gnolls.

Vanquished Creatures
  2 adders (D:2)
  A gnoll (D:2)
  4 giant cockroaches
  5 goblins (D:1)
  2 hobgoblins
  5 jackals (D:1)
  3 kobolds (D:1)
  3 quokkas
  3 ball pythons (D:1)
  3 bats
  2 frilled lizards (D:1)
  4 rats
37 creatures vanquished.

Notes
Turn   | Place    | Note
-------+----------+-------------------------------------------
     0 | D:1      | southernslant the Merfolk Gladiator began the quest for the
                  | Orb.
     0 | D:1      | Reached XP level 1. HP: 16/16 MP: 1/1
   217 | D:1      | Found Hellykat's Book Shop.
   542 | D:1      | Reached XP level 2. HP: 23/23 MP: 2/2
   820 | D:1      | Found Kurr's General Store.
   851 | D:1      | Found Zoge Tof's Antique Armour Boutique.
   922 | D:1      | Reached XP level 3. HP: 20/28 MP: 3/3
  1108 | D:1      | Reached skill level 1 in Armour
  1122 | D:1      | Found Sal Jaap's Assorted Antiques.
  1151 | D:1      | Found a faded altar of an unknown god.
  1744 | D:2      | Reached XP level 4. HP: 25/35 MP: 4/4
  2153 | D:2      | Slain by a gnoll

Illustrated notes

Levels and vault maps discovered:
D:1:      dpeg_arrival_circle_labyrinth_c, layout_basic,
          ebering_ecumenical_altar_hall, serial_shops, nicolae_diamond_shop,
          nicolae_shop_hallway_stairs, nicolae_square_shop, shop_fountains
D:2:      layout_basic, basic_altar, minivault_27, uniq_sigmund

Skill      XL: |  1  2  3 |
---------------+----------+-----
Armour         | 1 |  1.3
Fighting       | 3 |  3.1
Polearms       | |  4.8
Throwing       | |  2.5
Dodging        | |  4.3

Action                   |  1- 3 |  4- 6 || total
-------------------------+-------+-------++-------
Melee: Trident           |   132 |    18 ||   150
       Punch             |     1 |       ||     1
Throw: Stone             |     2 |       ||     2
       Dart              |       |     3 ||     3
 Stab: Sleeping          |     1 |       ||     1
Armor: Leather armour    |    22 |     2 ||    24
Dodge: Dodged            |    79 |    11 ||    90

Table legend: (Time is in decaauts)
 A = Elapsed time spent in this place.
 B = Non-inter-level travel time spent in this place.
 C = Inter-level travel time spent in this place.
 D = Time resting spent in this place.
 E = Time spent auto-exploring this place.
 F = Levels seen in this place.
 G = Mean time per level.
                   A        B        C        D        E       F      G
               +--------+--------+--------+--------+--------+-----+--------+
         Total |   2164 |   2164 |      0 |      0 |   1455 |   2 | 1082.0 |
       Dungeon |   2164 |   2164 |      0 |      0 |   1455 |   2 | 1082.0 |
               +--------+--------+--------+--------+--------+-----+--------+

Top non-repeatable levels by time:
     D:1: 1516 daAuts
     D:2: 647 daAuts
